General information
- name: BNet
- type: Ladder 1vs1/FFA
- host: Battle.net
- saver: CheesySmurf
map: MeltingValley
- players: 2
- length: 23:33
- speed: Fast
- version: 1.26 W3XP
- replay type: Public
» download(69 KB)
Players
team 1 (loser)
s4dness (
red | 48 APM | 1135 actions | 23:32)
4 Dark Ranger
2 Black Arrow
2 Life Drain
2 Priestess of the Moon
1 Trueshot Aura
1 Searing Arrows
» actions
| Assign group hotkey | 42 | |
| Build / train | 79 | |
| Enter build submenu | 19 | |
| Enter hero's abilities submenu | 6 | |
| Remove unit from queue | 6 | |
| Right click | 567 | |
| Select / deselect | 286 | |
| Select group hotkey | 84 | |
| Use ability | 46 | |
1135 total
» units
| Wisp | 18 | |
| Archer | 7 | |
| Huntress | 11 | |
| Dryad | 9 | |
| Druid of the Claw | 2 | |
| Glaive Thrower | 2 | |
| Hippogryph | 3 | |
| Chimaera | 3 | |
55 total
» upgrades
| Strength of the Moon | 2 | |
| Upgrade Moon Glaive | 1 | |
| Sentinel | 1 | |
| Druid of the Claw Training | 2 | |
6 total
» buildings
| Ancient of War | 1 | |
| Moon Well | 7 | |
| Altar of Elders | 1 | |
| Hunter's Hall | 1 | |
| Tree of Ages | 1 | |
| Ancient of Lore | 1 | |
| Tree of Life | 2 | |
| Tree of Eternity | 2 | |
| Ancient of Wind | 2 | |
| Chimaera Roost | 2 | |
| Ancient of Wonders | 1 | |
21 total
» build order
00:11 Ancient of War
00:15 Moon Well
00:42 Altar of Elders
01:26 Moon Well
02:54 Hunter's Hall
04:32 Moon Well
04:48 Tree of Ages
05:59 Moon Well
07:13 Ancient of Lore
07:51 Tree of Life
09:11 Moon Well
10:06 Tree of Eternity
13:56 Ancient of Wind
14:38 Ancient of Wind
15:42 Chimaera Roost
15:49 Chimaera Roost
17:00 Moon Well
17:16 Ancient of Wonders
20:10 Moon Well
21:27 Tree of Life
» items
team 2 (winner)
CheesySmurf (
green | 77 APM | 1822 actions | 23:33)
6 Blademaster
3 Wind Walk
2 Critical Strike
1 Bladestorm
» actions
| Assign group hotkey | 184 | |
| Basic commands | 21 | |
| Build / train | 71 | |
| Enter build submenu | 52 | |
| Enter hero's abilities submenu | 6 | |
| Give item / drop item | 12 | |
| Remove unit from queue | 3 | |
| Right click | 810 | |
| Select / deselect | 313 | |
| Select group hotkey | 183 | |
| Use ability | 167 | |
1822 total
» units
| Peon | 8 | |
| Grunt | 5 | |
| Forest Troll Berserker | 1 | |
| Forest Troll Shadow Priest | 1 | |
| Goblin Shredder | 1 | |
| Troll Batrider | 8 | |
| Troll Witch Doctor | 1 | |
25 total
» upgrades
| Ranged Weapons | 3 | |
| Troll Regeneration | 1 | |
| Liquid Fire | 1 | |
| Armor | 1 | |
| Reinforced Defenses | 1 | |
| Pillage | 1 | |
| Witch Doctor Training | 1 | |
9 total
» buildings
| Orc Burrow | 3 | |
| Altar of Storms | 1 | |
| Barracks | 2 | |
| Voodoo Lounge | 2 | |
| Stronghold | 1 | |
| War Mill | 2 | |
| Watch Tower | 37 | |
| Beastiary | 2 | |
| Great Hall | 1 | |
| Fortress | 1 | |
| Spirit Lodge | 1 | |
53 total
» build order
00:13 Orc Burrow
00:37 Altar of Storms
00:57 Barracks
01:18 Orc Burrow
01:46 Voodoo Lounge
03:36 Stronghold
03:53 War Mill
04:07 Orc Burrow
05:07 Watch Tower
05:42 Watch Tower
05:43 Watch Tower
05:45 Watch Tower
05:48 Watch Tower
05:50 Watch Tower
08:48 Beastiary
08:50 Beastiary
09:06 Watch Tower
09:07 Watch Tower
09:27 Watch Tower
09:27 Watch Tower
11:02 Great Hall
11:04 Watch Tower
11:04 Watch Tower
11:04 Watch Tower
11:04 Watch Tower
11:06 Watch Tower
11:06 Watch Tower
11:06 Watch Tower
11:07 Watch Tower
11:33 Fortress
12:42 Watch Tower
12:43 Watch Tower
14:55 War Mill
14:58 Watch Tower
14:59 Watch Tower
15:00 Watch Tower
16:34 Voodoo Lounge
17:03 Spirit Lodge
17:32 Watch Tower
17:33 Watch Tower
17:34 Watch Tower
17:34 Watch Tower
17:34 Watch Tower
17:40 Barracks
17:41 Watch Tower
17:42 Watch Tower
17:42 Watch Tower
18:22 Watch Tower
18:22 Watch Tower
20:47 Watch Tower
20:48 Watch Tower
20:49 Watch Tower
20:49 Watch Tower
» items
| Healing Salve | 8 | |
| Lesser Clarity Potion | 7 | |
| Boots of Speed | 1 | |
| Staff of Teleportation | 1 | |
| Potion of Mana | 4 | |
| Orb of Lightning | 1 | |
| Potion of Healing | 1 | |
| Periapt of Vitality | 1 | |
24 total
Chat log
(00:15 / All) CheesySmurf: ASL?
(00:27 / All) s4dness: tg
(00:41 / All) CheesySmurf: Why are you sad?
(00:49 / All) s4dness: im tired
(00:50 / All) CheesySmurf: Backdoor beauty? I can cheer you up
(00:56 / All) s4dness: i wanted to play a 4vs4
(02:23 / All) CheesySmurf: No offense but you sound like a punk ass bitch
(05:17 / All) CheesySmurf: you are dumb as fuck
(06:45 / All) CheesySmurf: rush fail lol
(10:38 / All) CheesySmurf: gg
(10:42 / All) CheesySmurf: you suck buddy
(10:54 / All) CheesySmurf: I see why you are sad
(12:59 / All) CheesySmurf: USA
(13:00 / All) CheesySmurf: USA
(13:01 / All) CheesySmurf: USA
(17:56 / All) CheesySmurf: lawl
(18:49 / All) CheesySmurf: lol
(19:01 / All) CheesySmurf: come to the pavillion
(19:19 / All) CheesySmurf: EVERYBODY COME TO THE PAVILLION!
(21:00 / All) CheesySmurf: lol
(21:05 / All) CheesySmurf: bringing the big guns I guess
(21:29 / All) CheesySmurf: breaking the bank with that I think
(23:20 / All) CheesySmurf: lol